 Dungeon Crawl Stone Soup version 0.31-a0-204-g7da18cac08 (webtiles) character file.

Game seed: 4113862218474767225

63 qw the Shooter (level 3, -3/20 HPs)
             Began as a Deep Elf Hunter on June 27, 2023.
             Slain by a goblin
             ... wielding a +0 dagger
             ... led by Robin
              (5 damage)
             ... on level 2 of the Dungeon.
             The game lasted 00:00:35 (1618 turns).

qw the Shooter (Deep Elf Hunter)                    Turns: 1618, Time: 00:00:35

Health: -3/20      AC:  3    Str: 10    XL:     3   Next: 89%
Magic:  5/5        EV: 12    Int: 13    God:
Gold:   127        SH:  0    Dex: 18    Spells: 2/2 levels left

rFire   . . .        Y - +0 shortbow
rCold   . . .        (shield currently unavailable)
rNeg    . . .        c - +0 leather armour
rPois   .            (no helmet)
rElec   .            (no cloak)
rCorr   .            (no gloves)
SInv    .            (no boots)
Will    .....        (no amulet)
Stlth   ++           (no ring)
HPRegen 0.23/turn    (no ring)
MPRegen 0.09/turn

%: no passive effects
@: about to teleport
A: no striking features
a: no special abilities


You were on level 2 of the Dungeon.
You visited 1 branch of the dungeon, and saw 3 of its levels.

You collected 127 gold pieces.


   Skills:
 - Level 1.5 Fighting
 + Level 7.3 Ranged Weapons
 - Level 2.4 Dodging
 - Level 1.2 Stealth


You had 2 spell levels left.
You didn't know any spells.
Your spell library was empty.

Inventory:

Hand Weapons
 Y - a +0 shortbow (weapon)
Armour
 c - a +0 leather armour (worn)
Scrolls
 d - a scroll of identify
Potions
 a - a potion of attraction {unknown}
 f - a potion of cancellation {unknown}

Dungeon Overview and Level Annotations

Branches:
Dungeon (3/15)

Altars:

Annotations:
D:2 Robin


Message History

You start resting.
HP restored.
Done exploring.
(D) Dungeon
Where to? (* - list waypoints, Enter - D:3, ? - help)
What level of the Dungeon? (default 1, ? - help)
You climb downwards.
Level annotation: Robin A goblin comes into view.
It is wielding a +0 dagger.
Robin throws the goblin at you! The goblin hits you with a +0 dagger.
There is a stone staircase leading up, spattered with blood here.
1609 ||| STAIRDANCE Robin hits you but does no damage.
The goblin misses you.
You climb upwards.
There is a stone staircase leading down here.
You shoot an arrow. The arrow hits Robin.
Robin is lightly wounded.
The goblin hits you with a +0 dagger. Robin throws the goblin at you!
You shoot an arrow. The arrow closely misses Robin.
The goblin hits you with a +0 dagger. Robin barely misses you.
You shoot an arrow. The arrow hits Robin.
Robin is moderately wounded.
The goblin hits you but does no damage. Robin hits you with a +0 dagger.
You shoot an arrow. The arrow closely misses Robin.
The goblin hits you with a +0 dagger. Robin hits you with a +0 dagger.
You shoot an arrow. The arrow hits Robin.
Robin is heavily wounded.
The goblin hits you but does no damage. Robin hits you but does no damage.
You shoot an arrow.
The arrow hits Robin but does no damage.
Robin is heavily wounded.
The goblin hits you with a +0 dagger. Robin barely misses you.
You shoot an arrow. The arrow hits Robin!
Robin is almost dead.
The goblin hits you with a +0 dagger. Robin hits you with a +0 dagger.
1618 ||| READING scroll of teleportation.
As you read the scroll of teleportation, it crumbles to dust.
You feel strangely unstable. The goblin hits you with a +0 dagger.
You die...

#..## ##.......##
##..#### #)## ##.....##
#.## ###.# ##...## #.#
#...# ##'## #.# #.### #.#
#.# #.# #.# #.#
#.######### ##.## #.#
#.........###g..#######.#
#..######.##@...........#
#..###.....%g).....###..#
#......##.####.#.#.....%#
##.######.# #.#.#####.##
#.# #.# #.#######.#
#.######.# #.#~#.....#
#........# #.#~#######
########## #.#~## #..~.#


You could see Robin and a goblin (strong).

Vanquished Creatures
  2 worms (D:2)
  A dart slug (D:2)
  2 ball pythons
  2 endoplasms (D:1)
  A giant cockroach (D:1)
  8 goblins
  3 hobgoblins
  12 jackals (D:2)
  A quokka (D:2)
  5 bats
  4 frilled lizards
  2 kobolds
  6 rats
49 creatures vanquished.

Notes
Turn   | Place    | Note
-------+----------+-------------------------------------------
     0 | D:1      | qw the Deep Elf Hunter began the quest for the Orb.
     0 | D:1      | Reached XP level 1. HP: 12/12 MP: 3/3
     0 | D:1      | 0 ||| qw: Version: 0.3-a-22-g0ed2b0b
     0 | D:1      | 0 ||| qw: Game counter: 6587
     0 | D:1      | 0 ||| qw: Melee chars always use a shield: true
     0 | D:1      | 0 ||| qw: God list: Okawaru
     0 | D:1      | 0 ||| qw: Allow faded altars: false
     0 | D:1      | 0 ||| qw: Do Orc after clearing Dungeon:15 true
     0 | D:1      | 0 ||| qw: Do second Lair branch before Depths: true
     0 | D:1      | 0 ||| qw: Lair rune preference: random
     0 | D:1      | 0 ||| qw: Goals: Normal
     0 | D:1      | 0 ||| PLANNING D:1-11
   202 | D:1      | Reached skill level 6 in Ranged Weapons
   202 | D:1      | Reached XP level 2. HP: 16/16 MP: 4/4
   663 | D:1      | 663 ||| READING scroll labelled SECAGYOVUR.
   664 | D:1      | 664 ||| READING scroll labelled XEEMAM TUQOPLI.
   667 | D:1      | 667 ||| DROPPING scroll of butterflies.
   696 | D:2      | Found a faded altar of an unknown god.
   710 | D:2      | HP: 2/16 [worm (8)]
   784 | D:2      | Reached XP level 3. HP: 20/20 MP: 5/5
   845 | D:2      | 845 ||| FLEEEEING.
   846 | D:2      | 846 ||| FLEEEEING.
   979 | D:2      | Reached skill level 7 in Ranged Weapons
  1597 | D:3      | Noticed Robin
  1598 | D:3      | 1598 ||| STAIRDANCE
  1609 | D:3      | 1609 ||| STAIRDANCE
  1617 | D:2      | HP: 5/20 [goblin/+0 dagger[Robin] (2)]
  1617 | D:2      | HP: 2/20 [Robin/+0 dagger (3)]
  1618 | D:2      | 1618 ||| READING scroll of teleportation.
  1618 | D:2      | Slain by a goblin

Levels and vault maps discovered:
D:1:      sevenhm_arrival_forest_fort_small_6, layout_loops_cross
D:2:      layout_loops_corners, nicolae_ecumenical_pavilion,
          chequers_serial_rivers_micro_b
D:3:      layout_loops_ring, zin_academy, biasface_ghost_orc_armoury, uniq_robin

Skill      XL: |  1  2  3 |
---------------+----------+-----
Ranged Weapons | 6 7 |  7.3
Fighting       | |  1.5
Dodging        | |  2.4
Stealth        | |  1.2

Action                     || total
---------------------------++-------
   Fire: Shortbow          ||   137
    Use: Scroll            ||     3
 Armour: Leather armour    ||    18
  Dodge: Dodged            ||    36

Table legend:
 A = Non-vault XP
 B = Vault XP
 C = Vault XP percentage of total XP
 D = Non-vault monster count
 E = Vault monster count
 F = Vault count percentage of total count
                 A         B        C        D         E       F
            +---------+---------+-------+---------+---------+-------
      Total |      85 |       6 |   6.6 |      45 |       4 |   8.2
            +---------+---------+-------+---------+---------+-------
        D:1 |      28 |       0 |   0.0 |      17 |       0 |   0.0
        D:2 |      57 |       3 |   5.0 |      28 |       2 |   6.7
        D:3 |       0 |       3 | 100.0 |       0 |       2 | 100.0
            +---------+---------+-------+---------+---------+-------
